 Dungeon Crawl Stone Soup version 0.21.1-1-g345015f (webtiles) character file.

8101 Golfball the Cleaver (level 11, 0/92 HPs)
             Began as a Black Draconian Berserker on Apr 6, 2018.
             Was an Elder of Trog.
             Slain by bat's ghost (6 damage)
             ... on level 8 of the Dungeon.
             The game lasted 00:35:18 (10825 turns).

Golfball the Cleaver (Black Draconian Berserker)   Turns: 10825, Time: 00:35:20

Health: 0/92       AC:  9    Str: 24    XL:     11   Next: 5%
Magic:  11/11      EV: 12    Int: 10    God:    Trog [****..]
Gold:   64         SH:  9    Dex: 10    Spells: 10/10 levels left

rFire    . . .     SeeInvis .   a - +0 war axe
rCold    . . .     Gourm    .   x - +0 shield
rNeg     + . .     Faith    .   (armour unavailable)
rPois    .         Spirit   .   v - +2 hat
rElec    +         Reflect  .   (no cloak)
rCorr    .         Harm     .   (no gloves)
MR       .....                  (no boots)
Stlth    +.........             (no amulet)
HPRegen  0.25/turn              k - ring of positive energy
MPRegen  0.12/turn              t - +3 ring of intelligence

@: berserk cooldown, slowed, very slow
A: breathe lightning, unfitting armour, electricity resistance, cold-blooded, AC
+7
a: Breathe Lightning, Berserk, Trog's Hand, Brothers in Arms, Burn Spellbooks,
Renounce Religion


You were on level 8 of the Dungeon.
You worshipped Trog.
Trog was greatly pleased with you.
You were hungry.

You visited 1 branch of the dungeon, and saw 8 of its levels.
You also visited: Sewer.

You collected 64 gold pieces.

Inventory:

Hand Weapons
 a - a +0 war axe (weapon)
 b - a +0 hunting sling
 g - a +2 flail of protection
Missiles
 c - 217 stones (quivered)
 m - 104 sling bullets
 p - 3 silver tomahawks
Armour
 v - a +2 hat (worn)
 x - a +0 shield (worn)
Jewellery
 k - a ring of positive energy (left hand)
 t - a +3 ring of intelligence (right hand)
Wands
 w - a wand of scattershot (4)
 y - a wand of acid (12)
Scrolls
 d - a scroll of blinking
 i - 9 scrolls of teleportation
 q - a scroll of fear
 u - a scroll of enchant weapon
Potions
 e - a potion of cancellation {unknown}
 f - 2 potions of flight
 h - a potion of ambrosia {unknown}
 j - 4 potions of heal wounds
 l - 2 potions of lignification {unknown}
 n - 2 potions of resistance {unknown}
 r - 3 potions of might {unknown}
 s - 3 potions of curing
 z - a potion of agility {unknown}
 A - 2 potions of berserk rage {unknown}
Comestibles
 o - 17 rations
 B - 7 chunks of flesh


   Skills:
 - Level 7.0 Fighting
 - Level 11.0 Axes
 + Level 8.7 Slings
 - Level 7.2 Dodging
 + Level 2.2 Shields


You had 10 spell levels left.
You didn't know any spells.

Dungeon Overview and Level Annotations

Branches:
Dungeon (8/15)             Temple (0/1) D:6
   Lair: D:8-11

Altars:
Qazlal
Sif Muna

Annotations:
D:7 Maurice
D:8 1 runed door, bat's ghost, novice VSSk


Innate Abilities, Weirdness & Mutations

You can breathe wild blasts of lightning.
Your glossy black scales are hard. (AC +7)
You cannot fit into any form of body armour.
You are resistant to electric shocks. (rElec)
You are cold-blooded and may be slowed by cold attacks.


Message History

You tail-slap bat's ghost, but do no damage.
Bat's ghost is severely damaged.
Bat's ghost shrieks, "You will never get the ORB!"
Bat's ghost hits you!
* * * LOW HITPOINT WARNING * * *
Bat's ghost freezes you.
* * * LOW HITPOINT WARNING * * *
Your shield prevents you from hitting bat's ghost.
Bat's ghost is severely damaged.
You block bat's ghost's attack.
You completely miss bat's ghost.
Bat's ghost is severely damaged.
You block bat's ghost's attack.
You slash bat's ghost!
Bat's ghost is almost destroyed.
You feel yourself speed up.
You are no longer berserk.
Trog's vigour flows through your veins.
You are exhausted.
You feel yourself slow down. Bat's ghost hits you.
You die...

# ###...### #.# # #.
###...####.## #
####....###...##..# #
###..#.##...###.....# #
###...##.##.#.. ####..# #
###...#.##......#...##..#
####...#.#.##.##.#...# #..#
##.).#.#.#.##.##.W.######..#
#.##...#.#.##...@####..##..#
#.####...#.##..####..####.[#
##..####...#.####.)##..##.##
##.##.####..###..##..####.#
##......#####..##..##.(##.#
##.######.##.##..##..####.#
##.().......#####..##..##.#
##.######.###..####..####.#
##......####..#..####..##.#


You could see bat's ghost.

Vanquished Creatures
  Gastronok (D:8)
  A two-headed ogre (D:8)
  Erica (D:8)
  The ghost of arcanemastermind the Thaumaturge, a novice DEFE (D:7)
  The ghost of jasper the Chopper, a novice OpGl (D:4)
  A troll (D:8)
  Grinder (D:5)
  2 hippogriffs (D:8)
  A wyvern (D:8)
  3 hungry ghosts
  Edmund (D:6)
  2 black bears
  An ice beast (D:5)
  3 orc warriors
  2 phantoms
  A crocodile (D:8)
  2 ogres
  2 centaurs
  2 big kobolds
  A gnoll sergeant (D:8)
  5 bullfrogs
  Blork the orc (D:7)
  A scorpion (D:8)
  3 wights (D:8)
  7 crimson imps
  4 hounds
  2 jellies
  2 orc priests
  A gnoll shaman (D:7)
  A bullfrog skeleton (D:5)
  5 worker ants
  7 orc wizards
  A hound zombie (D:7)
  2 hound skeletons (D:8)
  A worker ant zombie (D:8)
  7 gnolls (D:7)
  A river rat (Sewer)
  11 adders
  A shadow imp (D:8)
  An ooze (D:4)
  An adder skeleton (D:8)
  2 worms (D:3)
  A dart slug (D:3)
  10 leopard geckos
  23 orcs
  4 ball pythons
  10 giant cockroaches
  5 hobgoblins
  22 jackals
  4 quokkas
  6 bats
  8 frilled lizards
  11 goblins
  2 jackal skeletons
  A jackal zombie (D:5)
  14 kobolds
  A leopard gecko skeleton (D:4)
  2 leopard gecko zombies
  A quokka zombie (D:7)
  7 rats
229 creatures vanquished.

Notes
Turn   | Place    | Note
-------+----------+-------------------------------------------
     0 | D:1      | Golfball the Draconian Berserker began the quest for the Orb.
     0 | D:1      | Reached XP level 1. HP: 19/19 MP: 1/1
   184 | D:1      | Reached XP level 2. HP: 19/26 MP: 2/2
   571 | D:1      | Reached skill level 4 in Axes
   639 | D:1      | Reached ** piety under Trog
  1072 | D:1      | Reached XP level 3. HP: 31/31 MP: 3/3
  1463 | D:2      | Found a faded altar of an unknown god.
  1929 | D:2      | Reached skill level 5 in Axes
  1929 | D:2      | Reached XP level 4. HP: 30/38 MP: 4/4
  2589 | D:3      | Reached XP level 5. HP: 39/45 MP: 5/5
  2632 | D:3      | Reached skill level 6 in Axes
  2847 | D:3      | Found a glowing drain.
  2881 | Sewer    | Entered a sewer
  3099 | Sewer    | Reached XP level 6. HP: 38/51 MP: 6/6
  3217 | Sewer    | Found a white marble altar of Elyvilon.
  3377 | D:3      | Reached skill level 7 in Axes
  3630 | D:3      | Reached *** piety under Trog
  3660 | D:3      | Reached skill level 1 in Slings
  4196 | D:4      | Noticed jasper's ghost (novice OpGl)
  4205 | D:4      | Killed jasper's ghost
  4205 | D:4      | Reached skill level 5 in Fighting
  4205 | D:4      | Your scales start taking on a glossy black colour.
  4205 | D:4      | Reached XP level 7. HP: 53/61 MP: 7/7
  4205 | D:4      | Gained mutation: You are resistant to electric shocks. (rElec) [Black Draconian growth]
  4773 | D:5      | Entered Level 5 of the Dungeon
  4993 | D:5      | Received a gift from Trog
  5163 | D:5      | Noticed Grinder
  5163 | D:5      | Paralysed by Grinder for 7 turns
  5173 | D:5      | Killed Grinder
  5173 | D:5      | Reached XP level 8. HP: 49/70 MP: 8/8
  6096 | D:6      | Noticed Edmund
  6110 | D:6      | Killed Edmund
  6541 | D:6      | Found a stormy altar of Qazlal.
  6650 | D:6      | Found a stormy altar of Qazlal.
  6657 | D:6      | Found a deep blue altar of Sif Muna.
  6899 | D:6      | Found a staircase to the Ecumenical Temple.
  7048 | D:7      | Noticed arcanemastermind's ghost (novice DEFE)
  7054 | D:7      | Reached skill level 5 in Slings
  7056 | D:7      | Killed arcanemastermind's ghost
  7133 | D:7      | Reached XP level 9. HP: 51/79 MP: 9/9
  7449 | D:7      | Reached **** piety under Trog
  7628 | D:7      | Reached skill level 8 in Axes
  7895 | D:8      | Noticed Erica
  7904 | D:8      | Killed Erica
  7904 | D:8      | Reached skill level 5 in Dodging
  8185 | D:8      | Reached skill level 9 in Axes
  8323 | D:8      | Noticed Gastronok
  8546 | D:8      | Killed Gastronok
  8546 | D:8      | Reached skill level 10 in Axes
  8546 | D:8      | Reached XP level 10. HP: 45/86 MP: 10/10
  9082 | D:8      | Received a gift from Trog
  9099 | D:8      | Noticed Maurice
  9247 | D:8      | Found the +2 Maxwell's thermic engine {flame, freeze, rF- rC-}
  9263 | D:8      | Noticed Blork the orc
  9294 | D:7      | Killed Blork the orc
  9813 | D:8      | Found a runed door.
  9813 | D:8      | Found a runed door.
  9865 | D:8      | Found a runed door.
 10390 | D:8      | Reached skill level 11 in Axes
 10710 | D:8      | Noticed a two-headed ogre
 10718 | D:8      | Killed a two-headed ogre
 10718 | D:8      | Reached skill level 1 in Shields
 10718 | D:8      | Reached XP level 11. HP: 92/92 MP: 11/11
 10810 | D:8      | Noticed bat's ghost (novice VSSk)
 10825 | D:8      | Slain by bat's ghost

Skill      XL: |  1  2  3  4  5  6  7  8  9 10 11 |
---------------+----------------------------------+-----
Axes           | 4 5 6 7 10 11 | 11.0
Slings         | 3 4 7 8 |  8.7
Fighting       | 5 6 7 |  7.0
Dodging        | 7 |  7.2
Shields        | 1 2 |  2.2

Action                   |  1- 3 |  4- 6 |  7- 9 | 10-12 || total
-------------------------+-------+-------+-------+-------++-------
Melee: Hand axe          |   129 |   222 |   243 |    56 ||   650
       Tailslap          |     9 |    28 |    44 |    46 ||   127
       War axe           |       |       |       |   211 ||   211
 Fire: Hunting sling     |    22 |    33 |    34 |    24 ||   113
Throw: Stone             |       |       |     2 |       ||     2
Invok: Berserk           |       |     3 |    12 |     8 ||    23
       Trog's Hand       |       |     2 |       |     3 ||     5
       Burn Spellbooks   |       |       |     1 |       ||     1
 Abil: Breathe Lightning |       |       |     2 |       ||     2
  Use: Scroll            |       |    10 |     5 |     1 ||    16
 Stab: Sleeping          |     1 |       |       |       ||     1
  Eat: Chunk             |     3 |     7 |    17 |    10 ||    37
       Ration            |       |     1 |     6 |     1 ||     8
Armor: Skin              |    42 |    71 |    62 |    84 ||   259
Dodge: Dodged            |    74 |   120 |   117 |   132 ||   443
Block: Shield            |       |       |       |    66 ||    66
